 Dungeon Crawl Stone Soup version 0.21-a0-51-gea492e9 (webtiles) character file.

218 grindst0ne the Shooter (level 5, -7/47 HPs)
             Began as a Centaur Hunter on June 12, 2017.
             Killed by divine providence
             ... invoked by an orc priest
              (10 damage)
             ... on level 4 of the Dungeon.
             The game lasted 00:06:37 (3855 turns).

grindst0ne the Shooter (Centaur Hunter)             Turns: 3855, Time: 00:06:37

Health: -7/47      AC:  7    Str: 12 (15) XL:     5   Next: 63%
Magic:  5/5        EV:  9    Int: 10      God:
Gold:   181        SH:  0    Dex:  7 (10) Spells: 4/4 levels left

rFire    + + .     SeeInvis .   b - +1 flail (protect)
rCold    . . .     Gourm    .   (no shield)
rNeg     . . .     Faith    .   l - +2 leather armour {rF+}
rPois    .         Spirit   .   (no helmet)
rElec    .         Reflect  .   (no cloak)
rCorr    .         Harm     .   n - +0 pair of gloves
MR       .....                  (no barding)
Stlth    ..........             m - amulet of inaccuracy (curse)
Regen    0.2/turn               v - ring of protection from fire
MPRegen  0.1/turn               (no ring)

@: very quick
A: hooves 3, deformed body, speed 2, tough skin 3
a: no special abilities


You were on level 4 of the Dungeon.
You were hungry.

You visited 1 branch of the dungeon, and saw 4 of its levels.

You collected 181 gold pieces.

Inventory:

Hand Weapons
 a - a +1 shortbow
 b - a +1 flail of protection (weapon)
 t - a +0 short sword
Missiles
 d - 30 arrows
Armour
 c - a +0 leather armour
 l - a +2 leather armour of fire resistance (worn)
 n - a +0 pair of gloves (worn)
Jewellery
 m - a cursed amulet of inaccuracy (around neck)
 s - an uncursed amulet of harm {unknown}
 v - a ring of protection from fire (left hand)
Wands
 u - a wand of random effects (26/48)
Scrolls
 e - a scroll of noise
 h - 3 scrolls of identify
 p - a scroll of random uselessness
 r - a scroll of enchant armour
Potions
 i - 3 potions of berserk rage
 j - a potion of degeneration
 k - a potion of cancellation
 o - a potion of curing
 q - a potion of mutation {unknown}
 x - a potion of lignification {unknown}
Comestibles
 f - 3 bread rations
 g - 3 meat rations


   Skills:
 + Level 4.4 Fighting
 + Level 7.4 Bows
 - Level 1.3 Dodging
 - Level 0.4 Stealth


You had 4 spell levels left.
You didn't know any spells.

Dungeon Overview and Level Annotations

Branches:
Dungeon (4/15)
 Temple: D:4-7

Altars:
Ru
Sif Muna
Yredelemnul

Shops:
D:4 %


Innate Abilities, Weirdness & Mutations

You have hooves in place of feet.
Armour fits poorly on your strangely shaped body.
You cover ground very quickly.
You have extremely tough skin. (AC +3)


Message History

You closely miss something. Something hits you but does no damage.
You hear some strange, mumbled words.
A puff of frost appears from out of thin air!
The puff of frost hits you!
You closely miss something.
Something hits you but does no damage. x2
You completely miss something.
You hear some strange, mumbled words.
A magic dart appears from out of thin air!
The magic dart hits you!
* * * LOW HITPOINT WARNING * * *
Something hits you.
* * * LOW HITPOINT WARNING * * *
You barely miss something.
The orc priest shouts!
You hear some strange, mumbled words.
A puff of frost appears from out of thin air!
The puff of frost hits you!
* * * LOW HITPOINT WARNING * * *
The orc priest invokes the aid of Beogh against you.
Beogh smites you!
You die...

#.....# ##........##
##....#### ###.........#
.........######...........#
..#...#......o............#
##...#########............#
#...# ##.#.........# #..##
#...........# ##..#
##.#........# #...#
#@.........# #...#
#{.........# #...#
##.........## ....#
#(.........# ....#
#..........## ....#
#...........# .(..#
#...........# ....#
#.(.(.......# ....##
#...........#


You could see an orc priest.

Vanquished Creatures
  An iguana (D:4)
  A worker ant (D:4)
  An orc wizard (D:4)
  3 gnolls (D:3)
  2 adders
  An ooze (D:2)
  An adder skeleton (D:4)
  A dart slug (D:3)
  2 leopard geckos
  10 orcs
  8 giant cockroaches
  7 goblins
  6 hobgoblins
  7 jackals (D:1)
  A quokka (D:3)
  2 ball pythons
  6 bats
  2 frilled lizards
  4 kobolds
  A quokka skeleton (D:4)
  7 rats
74 creatures vanquished.

Notes
Turn   | Place    | Note
-------+----------+-------------------------------------------
     0 | D:1      | grindst0ne the Centaur Hunter began the quest for the Orb.
     0 | D:1      | Reached XP level 1. HP: 17/17 MP: 1/1
   164 | D:1      | Reached XP level 2. HP: 19/25 MP: 2/2
  1007 | D:1      | Reached skill level 6 in Bows
  1079 | D:1      | Reached XP level 3. HP: 30/30 MP: 3/3
  1675 | D:2      | Found a sacrificial altar of Ru.
  2077 | D:3      | Found a basalt altar of Yredelemnul.
  2104 | D:3      | Reached XP level 4. HP: 38/38 MP: 4/4
  2696 | D:4      | Found Urytha's Food Shop.
  2891 | D:4      | Reached skill level 7 in Bows
  2891 | D:4      | Reached XP level 5. HP: 46/46 MP: 5/5
  3276 | D:4      | Found a deep blue altar of Sif Muna.
  3855 | D:4      | Killed from afar by an orc priest

Vault maps used:
D:1:      noname_arrival_rooms_in_the_neighbourhood, minivault_26,
          minmay_tetromino_t2
D:2:      nicolae_ru_path_of_blood
D:3:      lemuel_doored_altar, kennysheep_generic_room_14
D:4:      tgw_sif, serial_shops, shop, first_bread, minmay_surrounded

Skill      XL: |  1  2  3  4 |
---------------+-------------+-----
Bows           | 6 7 |  7.4
Fighting       | 3 4 |  4.4
Dodging        | |  1.3
Stealth        | |  0.4

Action                   |  1- 3 |  4- 6 || total
-------------------------+-------+-------++-------
Melee: Flail             |       |    34 ||    34
       Kick              |       |     2 ||     2
 Fire: Shortbow          |   153 |   132 ||   285
  Use: Scroll            |     4 |     3 ||     7
       Potion            |       |     3 ||     3
  Eat: Chunk             |     2 |     4 ||     6
Armor: Leather armour    |    14 |    34 ||    48
Dodge: Dodged            |    24 |    39 ||    63
